| TOP OF THE 1ST |
|
Hagerstown Suns batting - Pitching for Peoria Chiefs : RHP Tristan Johnson
|
|
Pitching: RHP Tristan Johnson
|
|
|
Batting: LHB Rich Hannus
|
0-0: Swinging Strike 0-1: Foul Ball, location: 2F 0-2: Strikes out swinging
|
|
Batting: RHB Tony Madrigal
|
0-0: Ball 1-0: Foul Ball, location: 2F 1-1: Ground out 5-3 (Groundball, 5, EV 90.6 MPH)
|
|
Batting: RHB Kevin Wick
|
0-0: Ball 1-0: Foul Ball, location: 2F 1-1: Foul Ball, location: 2F 1-2: Strikes out swinging
|
| Top of the 1st over - 0 runs, 0 hits, 0 errors, 0 left on base; Hagerstown 0 - Peoria 0 |
| BOTTOM OF THE 1ST |
|
Peoria Chiefs batting - Pitching for Hagerstown Suns : RHP Jon Baily
|
|
Pitching: RHP Jon Baily
|
|
|
Batting: LHB Jay Fenderson
|
0-0: Ball 1-0: Foul Ball, location: 2F 1-1: Ground out 2-3 (Groundball, 15S, EV 67.5 MPH)
|
|
Batting: RHB Jorge Benites
|
0-0: Ball 1-0: Ball 2-0: Foul Ball, location: 2F 2-1: Foul Ball, location: 2F 2-2: Foul Ball, location: 2F 2-2: Ball 3-2: Fly out, F2 (Popup, 3SF, EV 78.1 MPH)
|
|
Batting: RHB Terry Baginski
|
0-0: Ball 1-0: Called Strike 1-1: Foul Ball, location: 2F 1-2: Ball 2-2: Ball 3-2: Base on Balls
|
|
Batting: RHB Bryan Wheeler
|
0-0: Ball 1-0: Ball 2-0: Ball 3-0: Foul Ball, location: 2F 3-1: Called Strike 3-2: Fly out, F8 (Flyball, 8LXD, EV 101.2 MPH)
|
| Bottom of the 1st over - 0 runs, 0 hits, 0 errors, 1 left on base; Hagerstown 0 - Peoria 0 |
| TOP OF THE 2ND |
|
Hagerstown Suns batting - Pitching for Peoria Chiefs : RHP Tristan Johnson
|
|
Batting: RHB Jim Towle
|
0-0: Ball 1-0: Ball 2-0: Ball 3-0: Base on Balls
|
|
Batting: LHB Yoshiya Kurokawa
|
0-0: Ball 1-0: Ball 2-0: Ball 3-0: Called Strike 3-1: Foul Ball, location: 2F 3-2: Ground out 4-3 (Groundball, 4, EV 85.6 MPH) Jim Towle to second
|
|
Batting: RHB Justin Slifka
|
0-0: Called Strike 0-1: Swinging Strike 0-2: Ball 1-2: Ball 2-2: Foul Ball, location: 2F 2-2: Ball 3-2: Fly out, F7 (Flyball, 7LS, EV 72.5 MPH)
|
|
Batting: SHB Kyle Larson
|
0-0: Ball 1-0: Foul Ball, location: 2F 1-1: Ground out 6-3 (Groundball, 6, EV 109.4 MPH)
|
| Top of the 2nd over - 0 runs, 0 hits, 0 errors, 1 left on base; Hagerstown 0 - Peoria 0 |
| BOTTOM OF THE 2ND |
|
Peoria Chiefs batting - Pitching for Hagerstown Suns : RHP Jon Baily
|
|
Batting: RHB Javier Ochoa
|
0-0: Fly out, F7 (Flyball, 78M, EV 85.6 MPH)
|
|
Batting: RHB Josh Martin
|
0-0: Ball 1-0: Ball 2-0: Ball 3-0: Called Strike 3-1: Hit by Pitch
|
|
Batting: RHB Chris Simmons
|
0-0: Ball 1-0: Called Strike 1-1: Ball 2-1: Called Strike 2-2: Strikes out swinging Josh Martin steals 2nd base Batter strikes out.
|
|
Batting: SHB Steve Barnett
|
0-0: Foul Ball, location: 2F 0-1: Ball 1-1: Foul Ball, location: 2F 1-2: Ground out 3-1 (Groundball, 34S, EV 81.9 MPH)
|
| Bottom of the 2nd over - 0 runs, 0 hits, 0 errors, 1 left on base; Hagerstown 0 - Peoria 0 |
| TOP OF THE 3RD |
|
Hagerstown Suns batting - Pitching for Peoria Chiefs : RHP Tristan Johnson
|
|
Batting: RHB Josh Courtney
|
0-0: SINGLE (Line Drive, 4MD, EV 95.6 MPH)
|
|
Batting: RHB Scott Skoglund
|
0-0: Ball 1-0: Ball 2-0: Called Strike 2-1: Ball 3-1: Base on Balls Josh Courtney to second
|
|
Batting: LHB Rich Hannus
|
0-0: Swinging Strike 0-1: Ball 1-1: Foul Ball, location: 2F 1-2: DOUBLE (Line Drive, 9LS, EV 113.8 MPH) Josh Courtney scores Scott Skoglund to third
|
|
Batting: RHB Tony Madrigal
|
0-0: Called Strike 0-1: Ball 1-1: Swinging Strike 1-2: Ball 2-2: Foul Ball, location: 2F 2-2: Ground out 6-3 (Groundball, 6, EV 104.4 MPH) Scott Skoglund scores
|
|
Pitching: RHP Jason Inman
|
|
|
Batting: RHB Kevin Wick
|
0-0: Ball 1-0: DOUBLE (Flyball, 89XD, EV 98.8 MPH) Rich Hannus scores
|
|
Batting: RHB Jim Towle
|
0-0: Called Strike 0-1: Ball 1-1: Ball 2-1: 2-RUN HOME RUN (Flyball, 78XD, EV 100.6 MPH), Distance : 385 ft
|
|
Batting: LHB Yoshiya Kurokawa
|
0-0: Ball 1-0: Called Strike 1-1: Foul Ball, location: 2F 1-2: Strikes out swinging
|
|
Batting: RHB Justin Slifka
|
0-0: Ball 1-0: Ball 2-0: Fly out, F8 (Flyball, 89XD, EV 98.8 MPH)
|
| Top of the 3rd over - 5 runs, 4 hits, 0 errors, 0 left on base; Hagerstown 5 - Peoria 0 |
| BOTTOM OF THE 3RD |
|
Peoria Chiefs batting - Pitching for Hagerstown Suns : RHP Jon Baily
|
|
Batting: RHB Perry Huse
|
0-0: Swinging Strike 0-1: Foul Ball, location: 2F 0-2: Strikes out swinging
|
|
Batting: LHB Jay Fenderson
|
0-0: SINGLE (Groundball, 25, EV 61.9 MPH) (infield hit)
|
|
Batting: RHB Jorge Benites
|
0-0: Called Strike Jay Fenderson steals 2nd base 0-1: Foul Ball, location: 2F 0-2: Ball 1-2: Ground out 6-3 (Groundball, 6, EV 93.1 MPH) Jay Fenderson to third
|
|
Batting: RHB Terry Baginski
|
0-0: Called Strike 0-1: Ball 1-1: Ball 2-1: SINGLE (Flyball, 8LS, EV 93.8 MPH) Jay Fenderson scores
|
|
Batting: RHB Bryan Wheeler
|
0-0: SINGLE (Groundball, 56D, EV 102.5 MPH) Terry Baginski to second
|
|
Batting: RHB Javier Ochoa
|
0-0: Called Strike 0-1: Ball 1-1: Called Strike 1-2: Foul Ball, location: 2F 1-2: Foul Ball, location: 2F 1-2: Foul Ball, location: 2F 1-2: Ball 2-2: 3-RUN HOME RUN (Flyball, 78XD, EV 102.5 MPH), Distance : 399 ft
|
|
Batting: RHB Josh Martin
|
0-0: Ball 1-0: Called Strike 1-1: Called Strike 1-2: Foul Ball, location: 2F 1-2: Fly out, F8 (Flyball, 8RXD, EV 96.9 MPH)
|
| Bottom of the 3rd over - 4 runs, 4 hits, 0 errors, 0 left on base; Hagerstown 5 - Peoria 4 |
| TOP OF THE 4TH |
|
Hagerstown Suns batting - Pitching for Peoria Chiefs : RHP Jason Inman
|
|
Batting: SHB Kyle Larson
|
0-0: Ball 1-0: Ball 2-0: Swinging Strike 2-1: Ball 3-1: Foul Ball, location: 2F 3-2: Strikes out swinging, 2-3 out at first.
|
|
Batting: RHB Josh Courtney
|
0-0: Ground out 6-3 (Groundball, 6, EV 101.9 MPH)
|
|
Batting: RHB Scott Skoglund
|
0-0: Swinging Strike 0-1: Ball 1-1: Foul Ball, location: 2F 1-2: Ball 2-2: SINGLE (Groundball, 4D, EV 94.4 MPH)
|
|
Batting: LHB Rich Hannus
|
0-0: Ground out 4-3 (Groundball, 4, EV 91.9 MPH)
|
| Top of the 4th over - 0 runs, 1 hit, 0 errors, 1 left on base; Hagerstown 5 - Peoria 4 |
| BOTTOM OF THE 4TH |
|
Peoria Chiefs batting - Pitching for Hagerstown Suns : RHP Jon Baily
|
|
Batting: RHB Chris Simmons
|
0-0: Called Strike 0-1: Ball 1-1: Swinging Strike 1-2: Ball 2-2: Fly out, F7 (Flyball, 78D, EV 98.8 MPH)
|
|
Batting: SHB Steve Barnett
|
0-0: Ball 1-0: Swinging Strike 1-1: Ball 2-1: Ball 3-1: SINGLE (Groundball, 23, EV 86.9 MPH) (infield hit)
|
|
Batting: RHB Perry Huse
|
0-0: Ball 1-0: Ball 2-0: Fielders Choice at 2nd, 6-4 (Groundball, 56, EV 89.4 MPH)
|
|
Batting: LHB Jay Fenderson
|
0-0: Called Strike 0-1: Foul Ball, location: 2F 0-2: SINGLE (Line Drive, 9LS, EV 95.0 MPH) Perry Huse to second Runner from 2nd tries for 3rd, SAFE, throw by RF made to third
|
|
Batting: RHB Jorge Benites
|
0-0: Ball 1-0: Called Strike 1-1: Swinging Strike 1-2: Foul Ball, location: 2F 1-2: Foul Ball, location: 2F 1-2: Ball 2-2: Fly out, F8 (Flyball, 8RXD, EV 100.6 MPH)
|
| Bottom of the 4th over - 0 runs, 2 hits, 0 errors, 2 left on base; Hagerstown 5 - Peoria 4 |
| TOP OF THE 5TH |
|
Hagerstown Suns batting - Pitching for Peoria Chiefs : RHP Jason Inman
|
|
Batting: RHB Tony Madrigal
|
0-0: Called Strike 0-1: Ball 1-1: Called Strike 1-2: Ball 2-2: Ball 3-2: Foul Ball, location: 2F 3-2: Fly out, F8 (Flyball, 8RXD, EV 98.8 MPH)
|
|
Batting: RHB Kevin Wick
|
0-0: Swinging Strike 0-1: Ball 1-1: Ball 2-1: Called Strike 2-2: Foul Ball, location: 2F 2-2: Ground out 6-3 (Groundball, 6, EV 104.4 MPH)
|
|
Batting: RHB Jim Towle
|
0-0: Ground out 6-3 (Groundball, 6, EV 83.1 MPH)
|
| Top of the 5th over - 0 runs, 0 hits, 0 errors, 0 left on base; Hagerstown 5 - Peoria 4 |
| BOTTOM OF THE 5TH |
|
Peoria Chiefs batting - Pitching for Hagerstown Suns : RHP Jon Baily
|
|
Batting: RHB Terry Baginski
|
0-0: Ground out 4-3 (Groundball, 4, EV 81.2 MPH)
|
|
Batting: RHB Bryan Wheeler
|
0-0: Fly out, F2 (Popup, 25F, EV 81.2 MPH)
|
|
Batting: RHB Javier Ochoa
|
0-0: Ball 1-0: Ball 2-0: Called Strike 2-1: Foul Ball, location: 2F 2-2: Ball 3-2: DOUBLE (Line Drive, 9LM, EV 106.2 MPH)
|
|
Batting: RHB Josh Martin
|
0-0: Ball 1-0: Called Strike 1-1: Ball 2-1: Swinging Strike 2-2: Strikes out swinging
|
| Bottom of the 5th over - 0 runs, 1 hit, 0 errors, 1 left on base; Hagerstown 5 - Peoria 4 |
| TOP OF THE 6TH |
|
Hagerstown Suns batting - Pitching for Peoria Chiefs : RHP Jason Inman
|
|
Pitching: RHP Eric Glad
|
|
|
Batting: LHB Yoshiya Kurokawa
|
0-0: Ball 1-0: Ball 2-0: Reached on error, E6 (Groundball, 6, EV 77.5 MPH)
|
|
Batting: RHB Justin Slifka
|
0-0: Ball 1-0: Grounds into double play, 6-4-3 (Groundball, 6D, EV 96.2 MPH)
|
|
Batting: SHB Kyle Larson
|
0-0: Called Strike 0-1: Ball 1-1: Foul Ball, location: 2F 1-2: Ball 2-2: SINGLE (Groundball, 4S, EV 75.6 MPH) (infield hit)
|
|
Pinch Runner at 1st Jon Metzler:
|
|
|
Batting: RHB Josh Courtney
|
0-0: Foul Ball, location: 2F 0-1: Ball 1-1: Foul Ball, location: 2F 1-2: Strikes out swinging
|
| Top of the 6th over - 0 runs, 1 hit, 1 error, 1 left on base; Hagerstown 5 - Peoria 4 |
| BOTTOM OF THE 6TH |
|
Peoria Chiefs batting - Pitching for Hagerstown Suns : RHP Jon Baily
|
|
Now at 2B: Pat Drader
|
|
|
Batting: RHB Chris Simmons
|
0-0: Swinging Strike 0-1: DOUBLE (Line Drive, 89D, EV 108.1 MPH)
|
|
Pitching: RHP Luis Cruz
|
|
|
Batting: SHB Steve Barnett
|
0-0: Foul Ball, location: 2F 0-1: Swinging Strike 0-2: Strikes out swinging
|
|
Batting: RHB Perry Huse
|
0-0: Called Strike 0-1: Called Strike 0-2: Foul Ball, location: 2F 0-2: SINGLE (Groundball, 4MD, EV 103.1 MPH) Chris Simmons to third Runner from 3rd tries for Home, SAFE, throw by CF to home
|
|
Batting: LHB Jay Fenderson
|
0-0: Ball 1-0: Called Strike Perry Huse is caught stealing 2nd base 2-6 1-1: Foul Ball, location: 2F 1-2: Fly out, F4 (Popup, 34S, EV 80.0 MPH)
|
| Bottom of the 6th over - 1 run, 2 hits, 0 errors, 0 left on base; Hagerstown 5 - Peoria 5 |
| TOP OF THE 7TH |
|
Hagerstown Suns batting - Pitching for Peoria Chiefs : RHP Eric Glad
|
|
Pitching: RHP Asao Saito
|
|
|
Batting: RHB Scott Skoglund
|
0-0: Foul Ball, location: 2F 0-1: Swinging Strike 0-2: Ball 1-2: Strikes out swinging
|
|
Batting: LHB Rich Hannus
|
0-0: Ball 1-0: Ball 2-0: Called Strike 2-1: Foul Ball, location: 2F 2-2: Reached on error, E3 (Groundball, 34, EV 104.4 MPH)
|
|
Batting: RHB Tony Madrigal
|
0-0: Called Strike 0-1: Swinging Strike 0-2: Ball 1-2: Strikes out swinging
|
|
Batting: RHB Kevin Wick
|
0-0: Foul Ball, location: 2F 0-1: Ball 1-1: Foul Ball, location: 2F 1-2: Foul Ball, location: 2F 1-2: Strikes out swinging
|
| Top of the 7th over - 0 runs, 0 hits, 1 error, 1 left on base; Hagerstown 5 - Peoria 5 |
| BOTTOM OF THE 7TH |
|
Peoria Chiefs batting - Pitching for Hagerstown Suns : RHP Luis Cruz
|
|
Batting: RHB Jorge Benites
|
0-0: Called Strike 0-1: Foul Ball, location: 2F 0-2: Foul Ball, location: 2F 0-2: Ground out 6-3 (Groundball, 6, EV 91.9 MPH)
|
|
Batting: RHB Terry Baginski
|
0-0: SOLO HOME RUN (Flyball, 8RXD, EV 101.2 MPH), Distance : 405 ft
|
|
Batting: RHB Bryan Wheeler
|
0-0: Ball 1-0: Ball 2-0: Swinging Strike 2-1: Ball 3-1: Ground out 5-3 (Groundball, 5, EV 80.6 MPH)
|
|
Batting: RHB Javier Ochoa
|
0-0: Called Strike 0-1: Swinging Strike 0-2: SINGLE (Line Drive, 6D, EV 105.0 MPH)
|
|
Batting: RHB Josh Martin
|
0-0: Called Strike 0-1: Foul Ball, location: 2F 0-2: Fly out, F9 (Flyball, 9LM, EV 93.1 MPH)
|
| Bottom of the 7th over - 1 run, 2 hits, 0 errors, 1 left on base; Hagerstown 5 - Peoria 6 |
| TOP OF THE 8TH |
|
Hagerstown Suns batting - Pitching for Peoria Chiefs : RHP Asao Saito
|
|
Pitching: LHP Luis Herrera
|
|
|
Batting: RHB Jim Towle
|
0-0: Called Strike 0-1: Called Strike 0-2: Ground out 6-3 (Groundball, 56, EV 112.5 MPH)
|
|
Batting: LHB Yoshiya Kurokawa
|
0-0: Foul Ball, location: 2F 0-1: Swinging Strike 0-2: Ball 1-2: Ball 2-2: Strikes out swinging
|
|
Batting: RHB Justin Slifka
|
0-0: Called Strike 0-1: Fly out, F9 (Flyball, 9S, EV 76.9 MPH)
|
| Top of the 8th over - 0 runs, 0 hits, 0 errors, 0 left on base; Hagerstown 5 - Peoria 6 |
| BOTTOM OF THE 8TH |
|
Peoria Chiefs batting - Pitching for Hagerstown Suns : RHP Luis Cruz
|
|
Pitching: RHP Fernando Fierros
|
|
|
Batting: RHB Chris Simmons
|
0-0: Ball 1-0: Called Strike 1-1: Swinging Strike 1-2: Foul Ball, location: 2F 1-2: Foul Ball, location: 2F 1-2: Ground out 5-3 (Groundball, 56, EV 88.8 MPH)
|
|
Batting: SHB Steve Barnett
|
0-0: Called Strike 0-1: Called Strike 0-2: Ball 1-2: Ground out 3-1 (Groundball, 34, EV 99.4 MPH)
|
|
Batting: RHB Perry Huse
|
0-0: SINGLE (Line Drive, 56D, EV 98.1 MPH)
|
|
Batting: LHB Jay Fenderson
|
0-0: Ball 1-0: Ground out 6-3 (Groundball, 6MS, EV 82.5 MPH)
|
| Bottom of the 8th over - 0 runs, 1 hit, 0 errors, 1 left on base; Hagerstown 5 - Peoria 6 |
| TOP OF THE 9TH |
|
Hagerstown Suns batting - Pitching for Peoria Chiefs : LHP Luis Herrera
|
|
Batting: RHB Pat Drader
|
0-0: Ball 1-0: Called Strike 1-1: Ball 2-1: Ball 3-1: Base on Balls
|
|
Batting: RHB Josh Courtney
|
0-0: Foul Ball, location: 2F 0-1: Ball 1-1: Swinging Strike 1-2: Ball 2-2: Ball 3-2: Strikes out swinging
|
|
Batting: RHB Scott Skoglund
|
0-0: SINGLE (Line Drive, 5, EV 97.5 MPH) Pat Drader to second Runner from 2nd tries for 3rd, OUT! 7-5
|
|
Batting: LHB Rich Hannus
|
0-0: Foul Ball, location: 2F 0-1: Ball 1-1: Ball 2-1: Swinging Strike 2-2: Strikes out looking
|
| Top of the 9th over - 0 runs, 1 hit, 0 errors, 1 left on base; Hagerstown 5 - Peoria 6 |
|